[Event "Veteran-SM 65+ 2025"]
[Site "Uppsala, Sweden"]
[Date "2025.07.01"]
[Round "4.2"]
[White "Magnussen, Pal"]
[Black "Marttala, Thomas"]
[Result "1/2-1/2"]
[TimeControl "90 min for 40 move + 30 min with an increment of 30 sec starting move 1"]
[WhiteFideId "1711814"]
[BlackFideId "1701118"]
[WhiteElo "1954"]
[BlackElo "2123"]

1. e4 e5 2. Nf3 Nc6 3.
Bc4 Nf6 4. d3 Bc5 5. c3 d6 6. O-O O-O 7. b4 Bb6 8. a4 a5 9. b5 Ne7 10. Re1 Ng6 11. Nbd2 h6 12. Nf1 Re8 13.
Bb3 c6 14. Bc2 d5 15. Be3 d4 16. cxd4 exd4 17. Bd2 Bc7 18. h3 c5 19. Bb3 Be6 20. b6 Bf4 21. Rb1 Bxd2 22. Qxd2 Ra6 23.
Ng3 Bxb3 24. Rxb3 Rxb6 25. Rxb6 Qxb6 26. Nf5 Qd8 27. g4 Qb8 28. g5 hxg5 29. Qxg5 Qf4 30. Qg2 Nh5 31. Rb1 Qc7 32.
Qg4 Nf6 33. Qg5 Qf4 34. Qg2 c4 35. N3h4 Qc7 36. Rc1 c3 37. Nxg6 fxg6 38. Qxg6 Rd8 39. e5 Nd5 40. e6 Nf4 41.
Qg4 Nxe6 42. Nh6+ Kh7 43. Qf5+ Kxh6 44. Qxe6+ g6 45. Qe4 b6 46. Re1 Rd7 47. Qh4+ Kg7 48. Re8 Kf7 49. Re4 Kg7 50.
Re8 Kf7 1/2-1/2

[Event "Veteran-SM 65+ 2025"]
[Site "Uppsala, Sweden"]
[Date "2025.07.01"]
[Round "4.3"]
[White "Korning, Peter"]
[Black "Andersson, Anders"]
[Result "1-0"]
[TimeControl "90 min for 40 move + 30 min with an increment of 30 sec starting move 1"]
[WhiteFideId "1723332"]
[BlackFideId "1738259"]
[WhiteElo "1944"]
[BlackElo "1991"]

1. e4 c5 2. d4 cxd4 3. c3 d3 4. Bxd3 d6 5. c4 Nf6 6. Nc3 g6 7. h3 Bg7 8. Nf3 Nc6 9. O-O O-O 10.
Be3 Bd7 11. Rc1 Rc8 12. b3 b6 13. Bb1 Re8 14. Qd2 Qc7 15. Nd5 Qb7 16. Rfd1 Nxd5 17. exd5 Nb8 18. Bd4 b5 19. Bxg7 Kxg7 20.
Qd4+ f6 21. c5 dxc5 22. Rxc5 Rxc5 23. Qxc5 Na6 24. Qd4 Qc7 25. Ng5 Qc5 26. Ne6+ Bxe6 27. dxe6 Qxd4 28. Rxd4 Nc5 29. b4 Nxe6 30. Rd7 a6 31.
Ra7 Kf7 32. Rxa6 Rc8 33. Be4 Rd8 34. Rb6 Rd4 35. Bc2 Nc7 36. Rb7 Rd7 37. a4 Ke6 38. Bb3+ Kd6 39. axb5 Na8 40. Rb8 Ra7 41.
b6 Ra1+ 42. Kh2 Kc6 43. Bd5+ Kxd5 44. b7 1-0

[Event "Veteran-SM 65+ 2025"]
[Site "Uppsala, Sweden"]
[Date "2025.07.01"]
[Round "4.4"]
[White "Carlsson, Ingvar"]
[Black "Haggvik, Kjell"]
[Result "1/2-1/2"]
[TimeControl "90 min for 40 move + 30 min with an increment of 30 sec starting move 1"]
[WhiteFideId "1702670"]
[BlackFideId "1776495"]
[WhiteElo "1987"]
[BlackElo "1932"]

1. e4 Nf6 2. e5 Nd5 3. Bc4 Nb6 4. Bb3 d5 5. d4 Bf5 6. Ne2 e6 7. Ng3 Bg6 8. h4 h6 9. h5 Bh7 10.
O-O c5 11. dxc5 Bxc5 12. Qg4 Bf8 13. Re1 Nc6 14. Nd2 Qc7 15. Nf3 O-O-O 16. Be3 g6 17. c4 gxh5 18. Nxh5 Bf5 19. Qf4 Nxc4 20.
Bxc4 dxc4 21. Qxc4 Bd3 22. Qa4 b5 23. Qf4 Kb8 24. Rac1 Qb7 25. a3 Ne7 26. Bc5 Nd5 27. Qh4 Bxc5 28. Rxc5 Rhg8 29. Kh2 Ne7 30. Nf6 Nf5 31. Qf4 Rh8 32.
Rc3 Qb6 33. Kg1 a6 34. Rec1 Ne7 35. Rd1 Be2 36. Re1 Bxf3 37. Qxf3 Qb7 38. Ne4 Nf5 39. Kf1 Rd4 40. Rd3 Rhd8 41.
Rxd4 1/2-1/2

[Event "Veteran-SM 65+ 2025"]
[Site "Uppsala, Sweden"]
[Date "2025.07.01"]
[Round "4.5"]
[White "Gromark, Per-Olof"]
[Black "Hogberg, Thomas"]
[Result "1/2-1/2"]
[TimeControl "90 min for 40 move + 30 min with an increment of 30 sec starting move 1"]
[WhiteFideId "1722433"]
[BlackFideId "1706039"]
[WhiteElo "1915"]
[BlackElo "1979"]

1. c4 e5 2. Nc3 d6 3. Nf3 Be7 4. d4 Nd7 5. e4 Ngf6 6. Be2 O-O 7. O-O c6 8. b3 Re8 9. Re1 Bf8 10.
Bf1 h6 11. Bb2 Qb6 12. Qd2 g6 13. Rac1 Bg7 14. Na4 Qc7 15. dxe5 dxe5 16. Ba3 c5 17. Nc3 Qc6 18. Nd5 b6 19.
Bb2 Nh7 20. g3 Nhf8 21. Bh3 Ne6 22. Bxe6 Rxe6 23. Rcd1 Nf8 24. Qc2 Re8 25. Ne3 Qc7 26. Rd2 Ne6 27. Nd5 Qb8 28. Kg2 Nd4 29.
Bxd4 exd4 30. Ng1 f5 31. f3 fxe4 32. fxe4 Qd6 33. Nf3 Be5 34. Nxe5 Qxe5 35. Rf1 Rf8 36. Rxf8+ Kxf8 37. Rf2+ Kg7 38.
Qd3 Be6 39. Qf3 Bg8 40. Qf4 Qxf4 41. Nxf4 Re8 42. Re2 Kf6 43. Nd3 Ke7 44. Rf2 Bh7 45. h4 g5 46. Re2 Ke6 47. hxg5 hxg5 48.
Nf2 Kf6 49. Kf1 Bg6 50. Ke1 Ke6 51. Kd2 Rh8 52. Ke1 Bh5 53. g4 Be8 54. Kf1 Rf8 55. Kg2 Rf4 56. Kg3 Rf7 57. Nh3 Rg7 1/2-1/2

[Event "Veteran-SM 65+ 2025"]
[Site "Uppsala, Sweden"]
[Date "2025.07.01"]
[Round "4.6"]
[White "Dolata, Henryk"]
[Black "Larsson, Per-Olov"]
[Result "0-1"]
[TimeControl "90 min for 40 move + 30 min with an increment of 30 sec starting move 1"]
[WhiteFideId "1709046"]
[BlackFideId "1717774"]
[WhiteElo "1958"]
[BlackElo "1914"]

1. e4 c5 2. c4 Nc6 3. Nc3 d6 4. g3 g6 5. Bg2 Bg7 6. Nge2 e5 7. O-O Nge7 8. f4 O-O 9. d3 a6 10.
Be3 Nd4 11. Rb1 Qa5 12. fxe5 dxe5 13. h3 b5 14. Rf2 Be6 15. b3 Nxe2+ 16. Nxe2 b4 17. g4 Qc7 18. Ng3 Rad8 19. Qc2 Qd6 20.
Rd1 Nc6 21. Nf1 a5 22. Bg5 Ra8 23. Ne3 Nd4 24. Qb1 a4 25. Nd5 Bxd5 26. cxd5 axb3 27. axb3 Ra3 28. Rb2 Rfa8 29. Be3 Nb5 30.
Bd2 Qb6 31. Kh1 Nc3 32. Bxc3 bxc3 33. Rc2 Rxb3 34. Qc1 Qb4 35. Qe3 Rb2 36. Rdc1 Qd4 37. Qe2 Raa2 38. g5 Bf8 39. Kh2 Qa4 40.
Rxb2 cxb2 41. Rb1 Qd4 42. Qc2 Qb4 43. Kg3 h6 44. h4 hxg5 45. hxg5 Qd4 46. Qe2 Ra3 47. Rxb2 Rxd3+ 48. Kh2 Rd1 49. Rb7 c4 50. Rc7 Qg1+ 51.
Kh3 Rd3+ 52. Bf3 Qxg5 53. Rxc4 Qh6+ 0-1

[Event "Veteran-SM 65+ 2025"]
[Site "Uppsala, Sweden"]
[Date "2025.07.01"]
[Round "4.7"]
[White "Bytar, Peter"]
[Black "Wedin, Svante"]
[Result "0-1"]
[TimeControl "90 min for 40 move + 30 min with an increment of 30 sec starting move 1"]
[WhiteFideId "1731530"]
[BlackFideId "1711989"]
[WhiteElo "1910"]
[BlackElo "1864"]

1. c4 Nf6 2. Nc3 g6 3. g3 Bg7 4. Bg2 O-O 5. Nf3 d6 6. d4 c6 7. O-O Qc7 8. e4 Nbd7 9. h3 h6 10.
Be3 e5 11. Qd2 Kh7 12. b3 a6 13. Rfd1 Re8 14. Rac1 exd4 15. Nxd4 Nc5 16. f3 Bf8 17. Nde2 Ne6 18. Nd5 cxd5 19.
cxd5 Nc5 20. b4 b6 21. bxc5 bxc5 22. Bd4 Qe7 23. Bc3 Bd7 24. Rb1 Bb5 25. Re1 Nd7 26. f4 Nb6 27. Nc1 Rac8 28.
Qf2 Bg7 29. Bxg7 Kxg7 30. Ne2 Na4 31. Rbc1 Nb2 32. Nc3 Nd3 33. Qe3 Nxe1 34. Rxe1 f6 35. a4 Bc4 36. a5 Rb8 37. Na4 Bxd5 38.
Nb6 Bb7 39. Qd3 Rbd8 40. Kh2 Qc7 41. Qc3 Re6 42. e5 fxe5 43. fxe5 dxe5 44. Bxb7 Qxb7 45. Rxe5 Rxe5 46. Qxe5+ Kh7 47.
Nc4 Rd1 0-1

[Event "Veteran-SM 65+ 2025"]
[Site "Uppsala, Sweden"]
[Date "2025.07.01"]
[Round "4.8"]
[White "Salholm, Soren"]
[Black "Johansson, Jan"]
[Result "0-1"]
[TimeControl "90 min for 40 move + 30 min with an increment of 30 sec starting move 1"]
[BlackTitle "IM"]
[WhiteFideId "1722824"]
[BlackFideId "1700103"]
[WhiteElo "1887"]
[BlackElo "2258"]

1. e4 g6 2. Nf3 Bg7 3. Nc3 c5 4. Bc4 Nc6 5. a3 d6 6.
O-O Nf6 7. Re1 O-O 8. h3 a6 9. a4 b6 10. d3 Bb7 11. Bg5 Nb4 12. Bb3 h6 13. Bh4 Nh5 14. Nd5 Nxd5 15. exd5 Re8 16. c3 Nf6 17. Bxf6 Bxf6 18. Qd2 Kh7 19. Nh2 Bc8 20.
Ng4 Bg7 21. Qf4 Rf8 22. Qe3 Ra7 23. Nh2 e6 24. Qg3 e5 25. Nf1 Re7 26. Nd2 f5 27. Bd1 Bf6 28. Nf3 f4 29. Qh2 Bf5 30. Bc2 c4 31. Rad1 cxd3 32. Rxd3 Bxd3 33. Bxd3 Qe8 34.
Nd2 Qxa4 35. Ne4 Qd7 36. h4 Kg7 37. h5 g5 38. g3 f3 39. Qh1 g4 40. Kh2 Ree8 41. Qf1 b5 42. Nd2 Bg5 43. Ne4 Bd8 44. Nd2 Qf7 45. Bg6 Qxd5 46. Ne4 Qc6 47. Qd3 d5 48.
Bxe8 Rxe8 0-1

[Event "Veteran-SM 65+ 2025"]
[Site "Uppsala, Sweden"]
[Date "2025.07.02"]
[Round "5.2"]
[White "Marttala, Thomas"]
[Black "Wedin, Svante"]
[Result "1-0"]
[TimeControl "90 min for 40 move + 30 min with an increment of 30 sec starting move 1"]
[WhiteFideId "1701118"]
[BlackFideId "1711989"]
[WhiteElo "2123"]
[BlackElo "1864"]

1. e4 c5 2. Nc3 Nc6 3. f4 g6 4. Nf3 Bg7 5. Bc4 e6 6. O-O Nge7 7. d3 O-O 8. Qe1 d5 9. Bb3 a6 10.
a4 Rb8 11. f5 gxf5 12. Qh4 b5 13. Bh6 f6 14. exd5 exd5 15. Qg3 Rf7 16. axb5 axb5 17. Nxd5 Nxd5 18. Rfe1 Bb7 19. Re6 Ne5 20.
Nxe5 fxe5 21. Bxg7 Rxg7 22. Qxe5 c4 23. dxc4 Rxg2+ 24. Kf1 Nc7 25. Rd6 Rd2 26. cxb5+ Kf8 27. Qh8+ Ke7 28. Qf6+ 1-0

[Event "Veteran-SM 65+ 2025"]
[Site "Uppsala, Sweden"]
[Date "2025.07.02"]
[Round "5.3"]
[White "Franchuck, Ivan"]
[Black "Magnussen, Pal"]
[Result "1-0"]
[TimeControl "90 min for 40 move + 30 min with an increment of 30 sec starting move 1"]
[WhiteFideId "14140187"]
[BlackFideId "1711814"]
[WhiteElo "2006"]
[BlackElo "1954"]

1. Nf3 Nf6 2. c4 c6 3. g3 d5 4. b3 g6 5. Bg2 Bg7 6. Bb2 dxc4 7. bxc4 Qb6 8. Bd4 c5 9. Bc3 O-O 10.
O-O Nc6 11. d3 Qc7 12. Nbd2 Rb8 13. Rb1 e5 14. Ng5 h6 15. Nge4 Nd7 16. Nb3 Nd4 17. Bd2 a6 18. Nc3 Nf6 19.
h3 Bd7 20. Kh2 Bc6 21. e4 Ne6 22. Nd5 Bxd5 23. exd5 Nd4 24. Nxd4 cxd4 25. Qc1 h5 26. Re1 Rfe8 27. c5 Nd7 28.
Bb4 Rec8 29. d6 Qd8 30. Qa3 Qf6 31. Kg1 Bh6 32. h4 g5 33. hxg5 Qxg5 34. Re2 Qg4 35. Rbe1 Qe6 36. Re4 Qf5 37.
R1e2 Re8 38. Qb3 Kg7 39. Qd1 Nf6 40. Rh4 Bg5 41. Be4 Qd7 42. Rh1 h4 43. Kg2 Rh8 44. Bd2 h3+ 45. Kf1 Qg4 46.
Re1 Bxd2 47. Qxd2 h2 48. Qe2 Qe6 49. Qf3 Nxe4 50. Qxe4 Qh3+ 51. Qg2 Qf5 52. Qe4 Qh3+ 53. Ke2 f6 54. Rb1 Qc8 55. Rbc1 Qe6 56. Rc2 Qd7 57. Kf3 Qa4 58. Rb2 Qc6 59.
Qxc6 bxc6 60. Rxb8 Rxb8 61. Rxh2 Kf7 62. Ke4 Ke6 63. g4 Rg8 64. f3 Rg7 65. Rh8 Ra7 66. Rc8 Kd7 67. Rc7+ 1-0

[Event "Veteran-SM 65+ 2025"]
[Site "Uppsala, Sweden"]
[Date "2025.07.02"]
[Round "5.4"]
[White "Larsson, Per-Olov"]
[Black "Johansson, Jan"]
[Result "1/2-1/2"]
[TimeControl "90 min for 40 move + 30 min with an increment of 30 sec starting move 1"]
[BlackTitle "IM"]
[WhiteFideId "1717774"]
[BlackFideId "1700103"]
[WhiteElo "1914"]
[BlackElo "2258"]

1. e4 e6 2. d4 d5 3. Nc3 Bb4 4. exd5 exd5 5. Bd3 Nc6 6. Nge2 Nge7 7. O-O Bg4 8. f3 Bf5 9. Be3 Qd7 10. Bf2 O-O 11. Bxf5 Qxf5 12. Ng3 Qd7 13. Nce2 Ng6 14. c3 Bd6 15. Qd2 f5 16. f4 Nd8 17. Be3 Ne6 18. Nh1 Rae8 19. Rae1 Qe7 20. g3 Ng5 21. Nc1 Ne4 22. Qg2 Rf6 23. Nd3 Nf8 24. Nhf2 Ne6 25. Nxe4 dxe4 26. Nc1 c6 27. Qf2 Bc7 28. Rd1 Rd8 29. Rd2 Bb6 30. Rfd1 Nc7 31. Kg2 Nd5 32. c4 Nxe3+ 33. Qxe3 Rf7 34. Ne2 Qe6 35. Qb3 Rfd7 36. Qc3 h6 37. b3 Kh7 38. Qe3 Qf6 39. h4 Ba5 40. Rc2 Rg8 41. Rh1 Kh8 42. a3 g6 43. b4 Bc7 44. Rd2 Rgd8 45. Rhd1 Kh7 46. Nc3 Bb6 1/2-1/2

[Event "Veteran-SM 65+ 2025"]
[Site "Uppsala, Sweden"]
[Date "2025.07.02"]
[Round "5.5"]
[White "Andersson, Anders"]
[Black "Gromark, Per-Olof"]
[Result "1/2-1/2"]
[TimeControl "90 min for 40 move + 30 min with an increment of 30 sec starting move 1"]
[WhiteFideId "1738259"]
[BlackFideId "1722433"]
[WhiteElo "1991"]
[BlackElo "1915"]

1. e4 c5 2. Nf3 Nc6 3. Nc3 e5 4. Bc4 Be7 5. a4 Nf6 6. d3 d6 7. h3 O-O 8. O-O a6 9. Be3 Rb8 10.
Nd2 Be6 11. Bxe6 fxe6 12. f3 Nh5 13. Ne2 Nd4 14. Bf2 Bh4 15. Nxd4 cxd4 16. Qe1 Bxf2+ 17. Qxf2 Nf4 18. Kh2 Rf6 19.
g3 Nh5 20. Rg1 Qc7 21. Rac1 Rbf8 22. Qe2 g6 23. Rgf1 Qg7 24. Nc4 Qe7 25. a5 R6f7 26. Nd2 Qg5 27. Rg1 Qd8 28. Ra1 Qc7 29.
Rgc1 Qd8 30. Qf2 Qf6 31. Rf1 d5 32. Rae1 Rc8 33. Rc1 Rfc7 34. Nb3 Rf7 35. Nd2 Qg5 36. Rg1 Qe3 37. Qg2 Rfc7 38.
Nb3 dxe4 39. fxe4 Rf7 40. Rge1 Qg5 41. Re2 Rcf8 42. Nd2 Rc8 43. Nb3 Rcf8 1/2-1/2

[Event "Veteran-SM 65+ 2025"]
[Site "Uppsala, Sweden"]
[Date "2025.07.02"]
[Round "5.6"]
[White "Green, Per"]
[Black "Carlsson, Ingvar"]
[Result "1-0"]
[TimeControl "90 min for 40 move + 30 min with an increment of 30 sec starting move 1"]
[WhiteFideId "1703811"]
[BlackFideId "1702670"]
[WhiteElo "1954"]
[BlackElo "1987"]

1. c4 e5 2. g3 f5 3. d4 exd4 4. Qxd4 Nc6 5. Qd1 Nf6 6. Bg2 Bb4+ 7. Bd2 Qe7 8. Nc3 O-O 9. Nf3 d6 10.
Nd5 Nxd5 11. cxd5 Bxd2+ 12. Qxd2 Ne5 13. Rc1 Nxf3+ 14. Bxf3 Rf7 15. Rc3 a5 16. O-O b6 17. Rfc1 Ra7 18.
Re3 Qd8 19. Qd4 Kf8 20. Bh5 Re7 21. Rcc3 Bd7 22. Qh4 h6 23. Bg6 Be8 24. Qxe7+ Qxe7 25. Rxe7 Bxg6 26. Rcxc7 Rxc7 27. Rxc7 Bf7 28.
Rd7 Bxd5 29. Rxd6 Bxa2 30. Rxb6 a4 31. Rb7 Kg8 32. f3 Kh7 33. Kf2 Kg6 34. Ke3 1-0

[Event "Veteran-SM 65+ 2025"]
[Site "Uppsala, Sweden"]
[Date "2025.07.02"]
[Round "5.7"]
[White "Hogberg, Thomas"]
[Black "Haggvik, Kjell"]
[Result "1-0"]
[TimeControl "90 min for 40 move + 30 min with an increment of 30 sec starting move 1"]
[WhiteFideId "1706039"]
[BlackFideId "1776495"]
[WhiteElo "1979"]
[BlackElo "1932"]

1. d4 d5 2. Nf3 Nf6 3. Bf4 e6 4. e3 c5 5. c3 Nc6 6. Nbd2 Nh5 7. Bg3 Qb6 8. Qb3 Bd7 9. Be2 Be7 10.
O-O Nxg3 11. hxg3 Qxb3 12. axb3 cxd4 13. exd4 Bf6 14. b4 O-O 15. b5 Ne7 16. Ra2 b6 17. Rfa1 Nc8 18. b3 Re8 19.
Ne5 Bxe5 20. dxe5 f6 21. Nf3 Re7 22. c4 Be8 23. g4 h6 24. Rd2 Bf7 25. Nd4 a5 26. bxa6 Rea7 27. cxd5 exd5 28.
e6 Be8 29. Nb5 Rxa6 30. Rxa6 Rxa6 31. Rxd5 Ra1+ 32. Kh2 Rc1 33. Nd4 Kf8 34. Bc4 g6 35. Rd8 Ne7 36. Bb5 Rc8 37. Rxc8 Nxc8 38.
Bxe8 Kxe8 39. f4 Ne7 40. f5 g5 41. Kg3 Kd8 42. Kf3 Kc7 43. Ke4 Kd6 44. Ne2 Nd5 45. Kd4 Nc7 46. Nc3 Ne8 47.
Nd5 h5 48. gxh5 1-0

[Event "Veteran-SM 65+ 2025"]
[Site "Uppsala, Sweden"]
[Date "2025.07.02"]
[Round "5.8"]
[White "Vrabec, Josip"]
[Black "Malmdin, Nils-Ake"]
[Result "1/2-1/2"]
[TimeControl "90 min for 40 move + 30 min with an increment of 30 sec starting move 1"]
[BlackTitle "FM"]
[WhiteFideId "1714953"]
[BlackFideId "1701584"]
[WhiteElo "1908"]
[BlackElo "2103"]

1. e4 d5 2. exd5 Nf6 3. Nc3 Nxd5 4. Nxd5 Qxd5 5. d4 Nc6 6. Be3 g6 7. Nf3 Bg7 8. Be2 Bg4 9. O-O O-O 10. h3 Bf5 11. c3 a5 12. a3 a4 13.
Nd2 e5 14. c4 Qd8 15. d5 Nd4 16.
Bxd4 exd4 17. Nf3 Qf6 18. Bd3 Bd7 19. Re1 Rfe8 20. Re4 c6 21. Rxd4 c5 22. Re4 Qxb2 23. Rb1 Qxa3 24. Rxb7 Rxe4 25.
Bxe4 Rd8 26. Bc2 Qa2 27. Nd2 Bc3 28. Ne4 Qxc4 29. Nd6 Qf4 30. Ne4 Bd4 31. Qd2 Qe5 32. Qa5 Qe8 33. Nd6 Qf8 34.
Ne4 Ra8 35. Qc7 a3 36. Bb3 Re8 37. Qxd7 Rxe4 38. d6 c4 39. Bxc4 Bxf2+ 40. Kxf2 Rxc4 41. Rc7 Rf4+ 42. Kg3 a2 43.
Rc8 a1=Q 44. Rxf8+ Kxf8 45. Qe7+ Kg7 46. Kxf4 Qf1+ 47. Kg3 Qf6 48. Kh2 h5 49. Kg1 g5 50. Kh1 1/2-1/2

[Event "Veteran-SM 65+ 2025"]
[Site "Uppsala, Sweden"]
[Date "2025.07.03"]
[Round "6.1"]
[White "Sigeman, Johan"]
[Black "Marttala, Thomas"]
[Result "1/2-1/2"]
[TimeControl "90 min for 40 move + 30 min with an increment of 30 sec starting move 1"]
[WhiteFideId "1705601"]
[BlackFideId "1701118"]
[WhiteElo "2012"]
[BlackElo "2123"]

1. d4 Nf6 2. Nf3 e6 3. g3 b6 4. Bg2 d5 5. O-O Be7 6. c4 O-O 7. Nc3 c6 8. Ne5 Nfd7 9. Nxd7 Nxd7 10.
Bf4 Ba6 11. cxd5 exd5 12. Qa4 Bb7 13. e4 dxe4 14. Bxe4 a6 15. Rad1 Nf6 16. Bg2 Nd5 17. Nxd5 1/2-1/2

[Event "Veteran-SM 65+ 2025"]
[Site "Uppsala, Sweden"]
[Date "2025.07.03"]
[Round "6.2"]
[White "Franchuck, Ivan"]
[Black "Korning, Peter"]
[Result "1/2-1/2"]
[TimeControl "90 min for 40 move + 30 min with an increment of 30 sec starting move 1"]
[WhiteFideId "14140187"]
[BlackFideId "1723332"]
[WhiteElo "2006"]
[BlackElo "1944"]

1. Nf3 d5 2. c4 e6 3. g3 Nf6 4. Bg2 dxc4 5. Nc3 Nbd7 6. Qa4 c5 7. Ne5 a6 8. Nxc4 b5 9. Nxb5 axb5 10.
Qxa8 bxc4 11. Qa4 Be7 12. O-O O-O 13. Qxc4 Nb6 14. Qc2 Ba6 15. d3 Qd7 16. b3 Rc8 17. Bb2 Nfd5 18. Qd2 Bf6 19.
Bxf6 Nxf6 20. Qa5 Qb5 21. Qxb5 Bxb5 22. Rfc1 Nfd5 23. Kf1 Kf8 24. a4 Ba6 25. Ke1 Ke7 26. Kd2 Kd6 27. h4 1/2-1/2

[Event "Veteran-SM 65+ 2025"]
[Site "Uppsala, Sweden"]
[Date "2025.07.03"]
[Round "6.3"]
[White "Larsson, Per-Olov"]
[Black "Hogberg, Thomas"]
[Result "1/2-1/2"]
[TimeControl "90 min for 40 move + 30 min with an increment of 30 sec starting move 1"]
[WhiteFideId "1717774"]
[BlackFideId "1706039"]
[WhiteElo "1914"]
[BlackElo "1979"]

1. e4 d6 2. d4 Nf6 3. Nc3 g6 4. Nf3 Bg7 5. Be3 c6 6. Bd3 Nbd7 7. Qd2 Ng4 8. Bg5 f6 9. Bh4 Qb6 10.
Na4 Qc7 11. h3 Nh6 12. c4 Nf7 13. Nc3 e5 14. d5 Nc5 15. Bc2 a5 16. Bg3 Bd7 17. Qe2 O-O 18. O-O Rad8 19. Nd2 Nh6 20.
Kh1 f5 21. f3 f4 22. Bf2 Na6 23. a3 Nf7 24. Na4 c5 25. Bg1 h5 26. Nc3 Bf6 27. Ba4 Bc8 28. Rfd1 g5 29. Nf1 Nh6 30.
Nh2 Qg7 31. Rd2 Kf7 32. Bd1 Rh8 33. Na4 Nc7 34. Nb6 Be7 35. Nxc8 Rxc8 36. Bxc5 dxc5 37. d6 Ne6 38. dxe7 Nd4 39.
Qe1 Kxe7 40. Rb1 Qf7 41. Be2 a4 42. Qd1 Qe8 43. Qe1 Qc6 44. Bd1 Ra8 45. Rd3 Qe6 46. Rc3 Kf7 47. Kg1 Rhg8 48.
Kh1 Rg7 49. Ra1 Kg8 50. Qf2 Rd7 51. Qf1 Qc6 52. Qe1 Kh7 53. Rb1 b6 54. Ra1 Qe6 55. Rac1 Rd6 56. Rb1 Qd7 57. Rcc1 Rd8 58.
Ra1 Ne6 59. Be2 Rd4 60. Rd1 Qc6 61. Rac1 R8d6 62. Rb1 Ng8 63. Nf1 Nf6 64. Nh2 Qd7 65. Rxd4 cxd4 66. Bd3 Nc5 67. Qe2 g4 68.
fxg4 hxg4 69. hxg4 Nxg4 70. Nxg4 Nxd3 71. Qxd3 Qxg4 72. Qf3 Qg7 73. Kg1 Rg6 74. Qh3+ Kg8 75. Kf2 Qf7 76. Rh1 Qg7 1/2-1/2

[Event "Veteran-SM 65+ 2025"]
[Site "Uppsala, Sweden"]
[Date "2025.07.03"]
[Round "6.4"]
[White "Dolata, Henryk"]
[Black "Green, Per"]
[Result "1-0"]
[TimeControl "90 min for 40 move + 30 min with an increment of 30 sec starting move 1"]
[WhiteFideId "1709046"]
[BlackFideId "1703811"]
[WhiteElo "1958"]
[BlackElo "1954"]

1. e4 c5 2. c3 d5 3. exd5 Qxd5 4. d4 Nf6 5. Nf3 e6 6. Bd3 Be7 7. O-O O-O 8. Qe2 Nc6 9. dxc5 Qxc5 10.
Nbd2 Rd8 11. Nb3 Qh5 12. Bf4 b6 13. Rad1 Bb7 14. Ba6 Bxa6 15. Qxa6 Nd5 16. Bc1 Bf6 17. Rd3 Rdc8 18. Rfd1 Ne5 19.
Nxe5 Bxe5 20. f4 Bc7 21. a3 h6 22. g3 Qg4 23. Qa4 b5 24. Qe4 Bb6+ 25. Kg2 Rc4 26. Nd4 Rac8 27. h3 Qh5 28.
g4 Qh4 29. Qe2 a6 30. Nxe6 Qf6 31. Rxd5 fxe6 32. Rd6 R4c6 33. Qe4 Qh4 34. Qe2 1-0

[Event "Veteran-SM 65+ 2025"]
[Site "Uppsala, Sweden"]
[Date "2025.07.03"]
[Round "6.5"]
[White "Johansson, Jan"]
[Black "Vrabec, Josip"]
[Result "1-0"]
[TimeControl "90 min for 40 move + 30 min with an increment of 30 sec starting move 1"]
[WhiteTitle "IM"]
[WhiteFideId "1700103"]
[BlackFideId "1714953"]
[WhiteElo "2258"]
[BlackElo "1908"]

1. d4 Nf6 2. Nf3 g6 3. c4 Bg7 4. Nc3 O-O 5. Bg5 d6 6. e3 Nbd7 7. h3 c6 8. Be2 e5 9. O-O h6 10.
Bh4 g5 11. Bg3 Qe7 12. Bh2 Nh7 13. e4 Nb6 14. a4 g4 15. hxg4 Bxg4 16. dxe5 dxe5 17. Nd2 Be6 18. a5 Nd7 19.
Qc2 Ng5 20. Nd1 Kh8 21. Ne3 Rg8 22. Bg4 Nf8 23. Rfe1 Ng6 24. Nf5 Qf6 25. Nf1 Rad8 26. Rad1 Rxd1 27. Rxd1 Nf4 28. N1g3 Rd8 29.
Ne3 Rxd1+ 30. Qxd1 h5 31. Bf5 h4 32. Nh5 Nxh5 33. Qxh5+ Qh6 34. Qxh6+ Bxh6 35. Bxe5+ Bg7 36. Bxg7+ Kxg7 37.
f4 Nh7 38. e5 Nf8 39. Kf2 Ng6 40. Kf3 Ne7 41. Be4 f5 42. Bd3 Kf7 43. b4 Ke8 44. Kf2 Kf7 45. Nc2 b6 46. a6 Bc8 47.
b5 cxb5 48. cxb5 Kg6 49. Nd4 Bd7 50. Bc4 Kg7 51. Nf3 Ng6 52. Ke3 Kf8 53. Nd4 Ne7 54. Kf3 Kg7 55. Be6 Be8 56. Bxf5 Nd5 57.
Be4 Bh5+ 58. g4 hxg3+ 59. Kxg3 Nc3 60. Bd3 Be8 61. f5 Kf7 62. Bc4+ Kf8 63. Kf4 Na4 64. Nc6 Bxc6 65. bxc6 Ke8 66.
f6 1-0

[Event "Veteran-SM 65+ 2025"]
[Site "Uppsala, Sweden"]
[Date "2025.07.03"]
[Round "6.6"]
[White "Wedin, Svante"]
[Black "Andersson, Anders"]
[Result "0-1"]
[TimeControl "90 min for 40 move + 30 min with an increment of 30 sec starting move 1"]
[WhiteFideId "1711989"]
[BlackFideId "1738259"]
[WhiteElo "1864"]
[BlackElo "1991"]

1. e4 c5 2. Nf3 e6 3. d4 cxd4 4. Nxd4 a6 5. Bd3 Nf6 6. O-O d6 7. Nc3 Nc6 8. Nxc6 bxc6 9. a4 Be7 10.
a5 O-O 11. Be3 Nd7 12. Na4 c5 13. Qd2 Qc7 14. b3 Bf6 15. Rad1 Rd8 16. Be2 Be7 17. Nb2 Bb7 18. f3 d5 19.
exd5 exd5 20. Bf4 Qc6 21. Bd3 Bf6 22. Rb1 Re8 23. Bf5 Nf8 24. Kh1 Bxb2 25. c4 Bf6 26. b4 dxc4 27. bxc5 Qxc5 28.
Bxh7+ Nxh7 29. Rxb7 c3 30. Qa2 Re7 31. Rb6 Rae8 32. h3 Re1 33. Rxe1 Rxe1+ 34. Kh2 Be5 35. Qa4 Bxf4+ 36. Qxf4 c2 37.
Rb8+ Nf8 38. Rb7 Qe5 0-1

[Event "Veteran-SM 65+ 2025"]
[Site "Uppsala, Sweden"]
[Date "2025.07.03"]
[Round "6.7"]
[White "Magnussen, Pal"]
[Black "Gromark, Per-Olof"]
[Result "1/2-1/2"]
[TimeControl "90 min for 40 move + 30 min with an increment of 30 sec starting move 1"]
[WhiteFideId "1711814"]
[BlackFideId "1722433"]
[WhiteElo "1954"]
[BlackElo "1915"]

1. e4 c5 2. Nf3 Nc6 3. Bb5 Nf6 4. e5 Nd5 5. O-O g6 6. Re1 Bg7 7. Nc3 Nc7 8. Bxc6 dxc6 9. h3 O-O 10.
Ne4 b6 11. d3 Ne6 12. c3 Qd5 13. Bg5 Nxg5 14. Nexg5 Bf5 15. Re3 Rad8 16. c4 Qd7 17. Qe1 h6 18. e6 Bxe6 19. Nxe6 fxe6 20.
Rxe6 Qxd3 21. Rxe7 Qf5 22. Rxa7 Rfe8 23. Re7 Rxe7 24. Qxe7 Qd7 25. Re1 Qxe7 26. Rxe7 Bxb2 27. Rb7 Rd1+ 28.
Kh2 Rb1 29. g3 Bd4 30. Kg2 Rb2 31. Nxd4 cxd4 32. Rd7 c5 33.
Kf1 Rxa2 34. Rd6 Kf7 35. Rxb6 Rc2 36. Rc6 Rxc4 37. Ke2 Rc3 38. Kd2 h5 39. h4 Rf3 40. Ke2 Rc3 41. Kd2 1/2-1/2

[Event "Veteran-SM 65+ 2025"]
[Site "Uppsala, Sweden"]
[Date "2025.07.03"]
[Round "6.8"]
[White "Malmdin, Nils-Ake"]
[Black "Bytar, Peter"]
[Result "1-0"]
[TimeControl "90 min for 40 move + 30 min with an increment of 30 sec starting move 1"]
[WhiteTitle "FM"]
[WhiteFideId "1701584"]
[BlackFideId "1731530"]
[WhiteElo "2103"]
[BlackElo "1910"]

1. d4 g6 2. c4 Bg7 3. Nc3 Nf6 4. e4 d6 5. f4 O-O 6. Nf3 c5 7. d5 e6 8. dxe6 Bxe6 9. Bd3 Nc6 10.
O-O a6 11. f5 Bc8 12. Bg5 Qd7 13. Qd2 Rb8 14. Rad1 Ne7 15. Bc2 Rd8 16. e5 dxe5 17. Qf2 Qe8 18. Rxd8 Qxd8 19. fxg6 fxg6 20.
Qh4 Nf5 21. Bxf5 Bxf5 22. Nd5 1-0

[Event "Veteran-SM 65+ 2025"]
[Site "Uppsala, Sweden"]
[Date "2025.07.04"]
[Round "7.1"]
[White "Marttala, Thomas"]
[Black "Franchuck, Ivan"]
[Result "1/2-1/2"]
[TimeControl "90 min for 40 move + 30 min with an increment of 30 sec starting move 1"]
[WhiteFideId "1701118"]
[BlackFideId "14140187"]
[WhiteElo "2123"]
[BlackElo "2006"]

1. e4 Nf6 2. e5 Nd5 3. Nc3 Nxc3 4. dxc3 d6 5. Bf4 Nc6 6. Nf3 g6 7. Bb5 Bd7 8. Qe2 Bg4 9. O-O-O e6 10.
h3 Bxf3 11. Qxf3 Qd7 12. exd6 cxd6 13. Be5 Rg8 14. c4 O-O-O 15. Bxd6 Bxd6 16. c5 Qc7 17. cxd6 Rxd6 18. Rxd6 Qxd6 19.
Bxc6 1/2-1/2